 Dungeon Crawl Stone Soup version 0.30-a0-1053-gbd8d5ba0ad (webtiles) character file.

Game seed: 10667409269347145252

26 cforsyth the Caller (level 3, -2/21 HPs)
             Began as an Octopode Summoner on Apr 11, 2023.
             Slain by Terence
             ... wielding a +0 hand axe
              (5 damage)
             ... on level 2 of the Dungeon.
             The game lasted 00:02:04 (1273 turns).

cforsyth the Caller (Octopode Summoner)             Turns: 1273, Time: 00:02:04

Health: -2/21      AC:  1    Str:  7    XL:     3   Next: 8%
Magic:  0/7        EV: 13    Int: 19    God:
Gold:   94         SH:  0    Dex: 12    Spells: 1/7 levels left

rFire   . . .      SeeInvis .    (no weapon)
rCold   . . .      Faith    .    (no shield)
rNeg    . . .      Spirit   .    (helmet restricted)
rPois   .          Reflect  .    b - amulet of regeneration
rElec   .          Rampage  .    (no ring)
rCorr   .                        (no ring)
Will    .....                    (no ring)
Stlth   +++                      (no ring)
HPRegen 1.03/turn                (no ring)
MPRegen 0.10/turn                (no ring)
                                 (no ring)
                                 (no ring)

@: flying, very slightly contaminated
A: almost no armour, amphibious, 8 rings, camouflage 1, gelatinous body 1,
(nimble swimmer 1), tentacles
a: no special abilities


You were on level 2 of the Dungeon.
You visited 1 branch of the dungeon, and saw 2 of its levels.

You collected 94 gold pieces.

Inventory:

Jewellery
 b - an amulet of regeneration (around mantle)
Scrolls
 d - a scroll of fog {unknown}
 f - a scroll of identify {unknown}
Potions
 a - a potion of magic
 c - a potion of heal wounds {unknown}
 e - a potion of flight


   Skills:
 - Level 2.0 Dodging
 - Level 2.6 Stealth
 + Level 2.7 Spellcasting
 + Level 4.4 Summonings


You had one spell level left.
You knew the following spells:

 Your Spells              Type           Power      Damage    Failure   Level
a - Summon Small Mammal   Summ           76%        N/A       2%          1
b - Call Imp              Summ           38%        N/A       3%          2
c - Call Canine Familiar  Summ           19%        N/A       8%          3

Your spell library contained the following spells:

 Spells                   Type           Power      Damage    Failure   Level
 Summon Guardian Golem    Hex/Summ       11%        N/A       19%         3
 Summon Lightning Spire   Summ/Air       11%        N/A       52%         4


Dungeon Overview and Level Annotations

Branches:
Dungeon (2/15)

Altars:

Annotations:
D:2 Terence


Innate Abilities, Weirdness & Mutations

You cannot wear most types of armour.
You are amphibious.
You can wear up to eight rings at the same time.
Your skin changes colour to match your surroundings (Stealth+).
Your rubbery body absorbs attacks. (AC +1, EV +1)
((You are camouflaged when in or above water. (Stealth+)))
You have tentacles for arms and can constrict up to eight enemies at once.


Message History

Things that are here:
a +0 club; a +0 dagger; a goblin corpse
There is a stone staircase leading up here.
You climb upwards.
There is a stone staircase leading down here.
You start resting.
Magic restored.
You start waiting.
Done waiting.
Casting: Summon Small Mammal (safe; 2% risk of failure)
Confirm with . or Enter, or press ? or * to list all spells.
You climb downwards.
Your summoned ally is left behind.
Level annotation: Terence Terence looks scornfully at you.
Terence zaps a wand.
The puff of flame misses you.
There is a stone staircase leading up here.
Casting: Summon Small Mammal (safe; 2% risk of failure)
Confirm with . or Enter, or press ? or * to list all spells.
The spell is quite dangerous to miscast (8% risk of failure)!
Continue anyway?
You miscast Call Canine Familiar.
You are very lightly contaminated with residual magic.
Nothing appears to happen.
Terence asks, "Do you want it fast or slow?"
Terence hits you with a +0 hand axe. Terence attacks as you move away!
Terence hits you with a +0 hand axe.
Casting: Call Canine Familiar (quite dangerous; 8% risk of failure)
Confirm with . or Enter, or press ? or * to list all spells.
The spell is quite dangerous to miscast (8% risk of failure)!
Continue anyway?
The goblin shoots a sling bullet.
The sling bullet hits you. Terence hits you with a +0 hand axe.
* * * LOW HITPOINT WARNING * * *
Terence hits your hound but does no damage.
Okay, then.
It was a potion of flight.
You feel very buoyant.
You fly up into the air.
The goblin shoots a sling bullet.
The sling bullet barely misses you.
Your hound bites Terence but does no damage.
Terence hits you with a +0 hand axe.
You die...

......................######....#
#.......................####..#
.....#..........###.....[@....###
.###....†######## ###.#####.#...[
.###.###.## #####..##........
.......#..## ####....<...........
.......##..###....g..............
#..........$...#.)....<...#.....
.............÷..@@h........#.g...
.#......#########..........#.....
#.....## #...........######
#.....# #.>.........# #.....#
#...........# #.....#
#......#..### ####### #(...####.#
#....≈ ≈.# #....≈. ..#


You could see Terence (ally target), a goblin and a friendly hound (summoned).

Vanquished Creatures
  A ball python (D:1)
  5 bats
  3 hobgoblins
  A kobold (D:1)
  A quokka (D:2)
  A frilled lizard (D:2)
  3 rats
15 creatures vanquished.

Vanquished Creatures (collateral kills)
  An endoplasm (D:1)
  2 goblins
  4 kobolds
  2 frilled lizards (D:1)
9 creatures vanquished.

Grand Total: 24 creatures vanquished

Notes
Turn   | Place    | Note
-------+----------+-------------------------------------------
     0 | D:1      | cforsyth the Octopode Summoner began the quest for the Orb.
     0 | D:1      | Reached XP level 1. HP: 11/11 MP: 3/3
    84 | D:1      | Reached XP level 2. HP: 3/17 MP: 1/5
   138 | D:1      | Found a faded altar of an unknown god.
   851 | D:2      | Noticed Terence
   860 | D:2      | Reached XP level 3. HP: 21/21 MP: 6/6
   880 | D:1      | Learned a level 2 spell: Call Imp
   884 | D:1      | Learned a level 3 spell: Call Canine Familiar
  1273 | D:2      | Slain by Terence

Illustrated notes

Levels and vault maps discovered:
D:1:      ncdulo_watergridlock, layout_basic, basic_ecumenical_altar
D:2:      kennysheep_the_goblin_king, layout_rooms,
          chequers_serial_rivers_micro_d, kennysheep_pointless_box,
          minmay_vboxes, uniq_terence

Action                     || total
---------------------------++-------
  Melee: Unarmed           ||    39
         Constrict         ||     9
         Tentacles         ||     8
         Punch             ||     1
   Cast: Summon Small Mamm ||    24
         Call Canine Famil ||     2
         Call Imp          ||     1
    Use: Potion            ||     1
   Stab: Distracted        ||     1
 Armour: Skin              ||     9
  Dodge: Dodged            ||    55

Table legend: (Time is in decaauts)
 A = Elapsed time spent in this place.
 B = Non-inter-level travel time spent in this place.
 C = Inter-level travel time spent in this place.
 D = Time resting spent in this place.
 E = Time spent auto-exploring this place.
 F = Levels seen in this place.
 G = Mean time per level.
                   A        B        C        D        E       F      G
               +--------+--------+--------+--------+--------+-----+--------+
         Total |   1274 |   1258 |     16 |    342 |    700 |   2 |  637.0 |
       Dungeon |   1274 |   1258 |     16 |    342 |    700 |   2 |  637.0 |
               +--------+--------+--------+--------+--------+-----+--------+

Top non-repeatable levels by time:
     D:1: 1119 daAuts
     D:2: 154 daAuts
